 Dungeon Crawl Stone Soup version 0.27-a0-1196-g3e9cee4cb2 (webtiles) character file.

Game seed: 11911238292168555659

85433 dickylongcocking the Warrior (level 16, -3/122 (126) HPs)
             Began as a Djinni Fire Elementalist on May 28, 2021.
             Was the Champion of Makhleb.
             Slain by a sixfirhy (10 damage)
             ... summoned by an orc sorcerer
             ... led by an orc warlord
             ... on level 2 of the Orcish Mines.
             The game lasted 00:46:33 (43119 turns).

dickylongcocking the Warrior (DjFE)                Turns: 43119, Time: 00:46:34

HP:   -3/122 (126)  AC:  9    Str: 10    XL:     16   Next: 31%
Gold: 2222          EV: 16    Int: 33    God:    Makhleb [******] SH:  0 Dex: 14

rFire    + + +     SeeInvis .   I - +12 glaive of Prune {vorpal}
rCold    x . .     Faith    +   (shield currently unavailable)
rNeg     . . .     Spirit   .   r - +0 ring mail
rPois    ∞         Reflect  .   R - +1 hat {Int+3}
rElec    .         Harm     .   y - +0 cloak
rCorr    .         Rampage  .   w - +2 pair of gloves {Str+3}
Will     +....                  (boots unavailable)
Stlth    ++........             W - amulet of faith
HPRegen  0.30/turn              g - +6 ring of intelligence
MPRegen  0.00/turn              A - +4 ring of protection

@: corroded, flying, studying Slings, lightly drained
A: sickness immunity, fire resistance 3, cold vulnerability 1, float, innate
caster, hp casting, extra vitality 1, sturdy frame 1
a: Renounce Religion, Minor Destruction, Lesser Servant of Makhleb, Major
Destruction, Greater Servant of Makhleb


You were on level 2 of the Orcish Mines.
You worshipped Makhleb.
Makhleb was exalted by your worship.
You visited 4 branches of the dungeon, and saw 23 of its levels.
You also visited: Ossuary.

You collected 2222 gold pieces.

Inventory:

Hand Weapons
 b - a +0 spear
 i - a +0 short sword
 o - a +0 falchion
 q - a +0 dagger of venom
 C - a +2 rapier of venom
 E - a +3 falchion
 I - the +12 glaive of Prune (weapon) {vorpal}
   (You found it on level 14 of the Dungeon)

   It inflicts extra damage upon your enemies.
Missiles
 s - 4 throwing nets
 Y - 3 boomerangs of dispersal
Armour
 a - a +0 robe
 d - a +0 scale mail
 j - a +0 leather armour
 m - a +1 helmet
 r - a +0 ring mail (worn)
 w - a +2 pair of gloves of strength (worn)
 y - a +0 cloak (worn)
 R - a +1 hat of intelligence (worn)
Jewellery
 c - a ring of positive energy
 g - a +6 ring of intelligence (left hand)
 v - a +6 ring of intelligence
 A - a +4 ring of protection (right hand)
 G - a +6 ring of strength
 J - a +4 ring of evasion
 Q - a ring of see invisible
 W - an amulet of faith (around neck)
 X - a +6 ring of strength
Wands
 f - a wand of acid (5)
 D - a wand of flame (61)
 L - a wand of mindburst (14)
 N - a wand of digging (6)
 U - a wand of iceblast (10)
 V - a wand of polymorph (9)
Scrolls
 h - 3 scrolls of brand weapon
 n - 2 scrolls of immolation
 p - 2 scrolls of fog
 F - a scroll of silence
 H - a scroll of enchant armour
 K - a scroll of fear
 T - 3 scrolls of teleportation
 Z - a scroll of magic mapping
Potions
 e - 4 potions of curing
 k - 5 potions of might
 l - a potion of magic {unknown}
 u - a potion of berserk rage
 x - 3 potions of haste
 z - 4 potions of brilliance
 B - 3 potions of attraction
 M - 3 potions of mutation
 O - 3 potions of resistance
 P - a potion of ambrosia


   Skills:
 - Level 15.0 Fighting
 - Level 3.2 Short Blades
 * Level 8.8 Polearms
 - Level 10.2 Armour
 - Level 12.0 Dodging
 - Level 3.1 Stealth
 * Level 9.1 Spellcasting
 - Level 8.5 Evocations


You couldn't memorise any spells.
You knew the following spells:

 Your Spells              Type           Power      Damage    Failure   Level
a - Foxfire               Conj/Fire      100%       2x1d9     1%          1
b - Conjure Flame         Conj/Fire      66%        6-21      1%          3
c - Inner Flame           Hex/Fire       66%        N/A       1%          3
d - Sticky Flame          Conj/Fire      66%        2d8       1%          4
e - Fireball              Conj/Fire      33%        3d14      3%          5
f - Shock                 Conj/Air       100%       1d9       1%          1
g - Wereblood             Tmut           66%        N/A       1%          2
h - Vampiric Draining     Necr           33%        2d10      1%          3
i - Spider Form           Tmut/Pois      33%        N/A       1%          3
j - Alistair's Intoxicat  Tmut/Pois      44%        N/A       3%          5
k - Hydra Form            Tmut           33%        N/A       3%          5
l - Invisibility          Hex            66%        N/A       16%         6
Your spell library was empty.

Dungeon Overview and Level Annotations

Branches:
Dungeon (14/15)            Temple (1/1) D:5            Lair (6/6) D:10
  Swamp (0/4) Lair:2       Spider (0/4) Lair:3        Slime (0/5) Lair:6
    Orc (2/2) D:12            Elf (0/3) Orc:2        Vaults (0/5) D:13
Ossuary (visited)

Altars:
Ashenzari
Cheibriados
Dithmenos
Elyvilon
Fedhas
Gozag
Hepliaklqana
Kikubaaqudgha
Makhleb
Nemelex Xobeh
Okawaru
Qazlal
Ru
Sif Muna
Trog
Uskayaw
Vehumet
Wu Jian
Xom
Yredelemnul
Zin
The Shining One
Jiyva

Shops:
D:4 (

Portals:
Hell: Lair:6

Annotations:
Lair:6 1 runed translucent door


Innate Abilities, Weirdness & Mutations

You are immune to sickness and miasma.
You are immune to poison.
Your flesh is almost immune to the effects of heat. (rF+++)
You are vulnerable to cold. (rC-)
You float through the air rather than walking.
You learn spells naturally, not from books.
Your magical power is your life essence.
You have superior vitality. (+4 HP)
Your movements are slightly less encumbered by armour. (ER -2)


Message History

Your orc warrior closely misses something.
Unknown command.
Unknown command.
Your orc hits the sixfirhy with a +0 hand axe.
The orc sorcerer hits your orc with a +0 dagger.
Something hits your orc priest.
Your orc wizard completely misses the sixfirhy.
Your orc priest closely misses the sixfirhy.
Your orc priest hits something with a +0 hand axe.
Your orc priest closely misses the sixfirhy.
Your orc barely misses something.
Your orc completely misses the sixfirhy.
Your orc warrior barely misses the sixfirhy.
Your orc warrior hits something with a +0 war axe!
Your orc priest barely misses the sixfirhy.
Your orc completely misses the sixfirhy.
The sixfirhy hits your orc. The sixfirhy shocks your orc!
Your orc dies!
Your orc's corpse dissolves into shadows!
The sixfirhy barely misses you.
Something closely misses your orc priest.
Your orc closely misses something.
Your orc wizard points at itself and mumbles some strange words.
Your orc wizard flickers and vanishes for a moment.
The sixfirhy hits you. The sixfirhy shocks you!
* * * LOW HITPOINT WARNING * * *
Things that are here:
a +0 flail; a +0 chain mail Unknown command.
Unknown command.
As you read the scroll of summoning, it crumbles to dust.
Wisps of shadow whirl around you... The sixfirhy barely misses you.
The sixfirhy hits you.
* * * LOW HITPOINT WARNING * * *
The sixfirhy shocks you!
* * * LOW HITPOINT WARNING * * *
The sixfirhy hits you!
* * * LOW HITPOINT WARNING * * *
The sixfirhy shocks you!
You die...

##.......)[.........#...
#........).[..####. ...
##........[[..#
#.............#
##............##
##............# #.
##...........>..# ...
#.....)o......#####...
#.....h@oo..#...8.....
##......3#.o..).......
#......ooo..)..).....
##....o.oo.{).))).....
#..........oo)..8.....
##.#.^......).#####...
###....o.#.....#
##.#...#.......##
#.............##


You could see a sixfirhy (summoned, ally target), an orc sorcerer, a friendly
warg (summoned), 2 friendly orc warriors, 3 friendly orc priests, 2 friendly orc
wizards and 5 friendly orcs.

Vanquished Creatures
  Gastronok (Lair:1)
  Azrael (D:13)
  Nessos (D:13)
  13 hydras
  A boulder beetle (Lair:6)
  2 centaur warriors
  2 ogre magi (D:14)
  8 vault guards
  3 two-headed ogres
  8 death yaks
  2 orc high priests
  A sixfirhy (Lair:6)
  A lindwurm (Lair:6)
  3 wizards
  4 deep elf pyromancers
  3 orc sorcerers
  5 ugly things
  2 orc knights (Orc:2)
  4 cyclopes
  5 manticores
  An orange demon (Lair:6)
  8 elephants
  5 black mambas
  7 cane toads
  A naga mage (D:14)
  A torpor snail (Lair:4)
  8 rime drakes
  3 ice devils (Lair:6)
  Psyche (D:10)
  11 komodo dragons
  A hellwing (Lair:6)
  2 red devils (Lair:6)
  A hornet (D:10)
  2 polar bears
  25 slime creatures
  5 trolls
  A tyrant leech (Lair:2)
  A meliai zombie (D:11)
  12 blink frogs
  8 dream sheep
  2 shadows
  14 wyverns
  2 fire elementals (D:13)
  11 basilisks
  35 yaks
  A steam dragon (D:8)
  2 wargs (Orc:2)
  3 swamp worms (Lair:2)
  8 water moccasins
  6 hell hounds
  2 ice beasts (D:5)
  3 black bears
  18 orc warriors
  A hornet zombie (D:4)
  5 ogres
  6 centaurs
  A kobold brigand (D:7)
  8 wolves
  A phantom (D:7)
  11 bullfrogs
  2 elf zombies
  3 scorpions (Lair:3)
  A wyvern zombie (D:8)
  2 elf skeletons (D:4)
  A wyvern skeleton (D:5)
  4 killer bees (D:9)
  8 wights
  An electric eel (Lair:6)
  5 howler monkeys
  2 bullfrog zombies (D:6)
  5 centaur zombies
  3 human zombies (D:4)
  A bullfrog skeleton (D:7)
  4 hounds
  Crazy Yiuf (D:7)
  4 jellies
  2 gnoll shamans
  Ijyb (D:4)
  13 orc priests
  Jessica (D:2)
  2 iguanas
  2 human skeletons (D:4)
  23 orc wizards
  A scorpion zombie (D:7)
  7 hell rats (Lair:4)
  A hound zombie (D:5)
  2 mummies (Ossuary)
  A howler monkey zombie (D:10)
  6 adders
  7 gnolls
  2 white imps
  2 adder zombies (Ossuary)
  6 worms
  3 dart slugs
  49 orcs
  8 endoplasms
  5 giant cockroaches
  4 goblins
  4 hobgoblins
  8 jackals
  3 quokkas
  3 ball pythons
  3 bats
  2 frilled lizards
  A goblin zombie (Ossuary)
  10 hobgoblin zombies (Ossuary)
  4 jackal zombies (Ossuary)
  5 kobolds
  8 kobold zombies (Ossuary)
  2 orc skeletons (D:4)
  10 orc zombies
  5 rats
  2 rat zombies (Ossuary)
579 creatures vanquished.

Vanquished Creatures (collateral kills)
  A fire elemental (D:13)
  A foxfire (Lair:2)
2 creatures vanquished.

Vanquished Creatures (others)
  Urug (Orc:2)
  A hell hound (D:13)
  1059 foxfires
  35 fungi
  45 plants
1141 creatures vanquished.

Grand Total: 1722 creatures vanquished

Notes
Turn   | Place    | Note
-------+----------+-------------------------------------------
     0 | D:1      | dickylongcocking the Djinni Fire Elementalist began the
                  | quest for the Orb.
     0 | D:1      | Reached XP level 1. HP: 15/15 MP: 0/0
   535 | D:1      | Found a faded altar of an unknown god.
  1160 | D:2      | Reached XP level 2. HP: 9/21 MP: 0/0
  1505 | D:2      | Reached XP level 3. HP: 16/25 MP: 0/0
  1505 | D:2      | Learned a level 1 spell: Shock
  2149 | D:2      | Noticed Jessica
  2165 | D:2      | Killed Jessica
  2166 | D:2      | Reached XP level 4. HP: 21/31 MP: 0/0
  3457 | D:3      | Noticed a water moccasin
  3469 | D:3      | Killed a water moccasin
  3470 | D:3      | Reached XP level 5. HP: 16/36 MP: 0/0
  3470 | D:3      | Learned a level 2 spell: Wereblood
  3470 | D:3      | Reached XP level 6. HP: 19/41 MP: 0/0
  5228 | D:4      | Found Ketrui Suem's Weapon Shop.
  5230 | D:4      | Noticed an ogre
  5356 | D:4      | Found a hazy altar of Hepliaklqana.
  5373 | D:4      | Found a hide-covered altar of Uskayaw.
  5388 | D:4      | Reached skill level 1 in Fighting
  5556 | D:4      | Found a sand-covered staircase.
  5575 | Ossuary  | Entered an ossuary
  5853 | Ossuary  | Reached XP level 7. HP: 38/47 MP: 0/0
  5853 | Ossuary  | Learned a level 3 spell: Vampiric Draining
  6217 | Ossuary  | Reached skill level 5 in Spellcasting
  7364 | D:4      | Reached skill level 1 in Short Blades
  7920 | D:4      | Reached XP level 8. HP: 33/52 MP: 0/0
  8075 | D:4      | Found a basalt altar of Yredelemnul.
  8130 | D:4      | Found a shadowy altar of Dithmenos.
  8386 | D:4      | Noticed Ijyb
  8946 | D:4      | Reached skill level 2 in Fighting
  9175 | D:4      | Gained mutation: Armour fits poorly on your strangely
                  | shaped body. [potion of mutation]
  9175 | D:4      | Gained mutation: Your mind is acute. (Int +2) [potion of
                  | mutation]
  9177 | D:4      | Killed Ijyb
  9329 | D:4      | Lost mutation: Your mind is acute. (Int +2) [potion of
                  | mutation]
  9329 | D:4      | Lost mutation: Armour fits poorly on your strangely shaped
                  | body. [potion of mutation]
  9329 | D:4      | Gained mutation: Your flesh is almost immune to the effects
                  | of heat. (rF+++) [potion of mutation]
  9329 | D:4      | Gained mutation: Your movements are slightly less
                  | encumbered by armour. (ER -2) [potion of mutation]
  9468 | D:5      | Entered Level 5 of the Dungeon
  9508 | D:5      | Found a stormy altar of Qazlal.
 10181 | D:5      | Found an iron altar of Okawaru.
 10194 | D:5      | Reached skill level 1 in Armour
 10239 | D:5      | Reached skill level 3 in Fighting
 10959 | D:5      | Reached XP level 9. HP: 29/61 MP: 0/0
 10959 | D:5      | Learned a level 3 spell: Spider Form
 11196 | D:5      | Found a staircase to the Ecumenical Temple.
 11286 | Temple   | Entered the Ecumenical Temple
 11408 | Temple   | Became a worshipper of Makhleb the Destroyer
 11527 | D:5      | Reached skill level 4 in Fighting
 12415 | D:6      | Reached skill level 5 in Dodging
 12936 | D:6      | Found a sparkling altar of Nemelex Xobeh.
 12984 | D:6      | Found a glowing silver altar of Zin.
 13321 | D:7      | Reached skill level 5 in Fighting
 13612 | D:7      | Noticed a deep elf pyromancer
 13623 | D:7      | Killed a deep elf pyromancer
 13816 | D:7      | Reached skill level 5 in Armour
 13851 | D:7      | Reached skill level 6 in Fighting
 13854 | D:7      | Reached XP level 10. HP: 18/72 MP: 0/0
 14518 | D:7      | Noticed a manticore
 14525 | D:7      | Killed a manticore
 15120 | D:7      | Found a runed translucent door.
 15121 | D:7      | Noticed Crazy Yiuf
 15263 | D:7      | Killed Crazy Yiuf
 15485 | D:8      | Reached skill level 7 in Fighting
 15754 | D:8      | Reached * piety under Makhleb
 16062 | D:8      | Found a blossoming altar of Fedhas.
 17406 | D:9      | Reached skill level 8 in Fighting
 17413 | D:9      | Reached XP level 11. HP: 55/82 MP: 0/0
 17413 | D:9      | Learned a level 5 spell: Alistair's Intoxication
 17443 | D:9      | Reached ** piety under Makhleb
 18290 | D:10     | Entered Level 10 of the Dungeon
 18470 | D:10     | Reached skill level 9 in Fighting
 19806 | D:10     | Noticed Psyche
 19820 | D:10     | Killed Psyche
 20054 | D:10     | Found a staircase to the Lair.
 20757 | D:11     | Noticed a two-headed ogre
 20770 | D:11     | Killed a two-headed ogre
 20936 | D:11     | Reached skill level 10 in Fighting
 21297 | D:11     | Reached XP level 12. HP: 55/91 MP: 0/0
 21313 | D:11     | Reached skill level 10 in Armour
 23030 | D:11     | Reached skill level 11 in Fighting
 23811 | D:12     | Noticed a two-headed ogre
 23823 | D:12     | Killed a two-headed ogre
 24155 | D:12     | Reached skill level 10 in Dodging
 24443 | D:12     | Reached *** piety under Makhleb
 24444 | D:12     | Reached skill level 12 in Fighting
 24635 | D:12     | Found a staircase to the Orcish Mines.
 25271 | D:13     | Identified the +6 trident of the End of Times {freeze,
                  | rPois SInv Stlth+}
 25357 | D:13     | Found a hide-covered altar of Uskayaw.
 25553 | D:13     | Reached XP level 13. HP: 88/102 MP: 0/0
 25553 | D:13     | Learned a level 5 spell: Hydra Form
 25949 | D:13     | Noticed Azrael
 26323 | D:13     | Reached skill level 1 in Evocations
 26815 | D:13     | Found a gate to the Vaults.
 26815 | D:13     | Noticed a vault guard
 26815 | D:13     | Noticed a vault guard
 26815 | D:13     | Noticed a vault guard
 26815 | D:13     | Noticed a vault guard
 26815 | D:13     | Noticed a vault guard
 26815 | D:13     | Noticed a vault guard
 26815 | D:13     | Noticed a vault guard
 26823 | D:13     | Killed a vault guard
 26824 | D:13     | Killed a vault guard
 26825 | D:13     | Reached skill level 13 in Fighting
 26829 | D:13     | Killed a vault guard
 26831 | D:13     | Killed a vault guard
 26831 | D:13     | Killed a vault guard
 26832 | D:13     | Noticed a vault guard
 26860 | D:13     | Killed a vault guard
 26876 | D:12     | Killed a vault guard
 27182 | D:13     | Killed a vault guard
 27531 | D:13     | Noticed a centaur warrior
 27539 | D:13     | Reached skill level 5 in Evocations
 27540 | D:13     | Noticed an eight-headed hydra
 27544 | D:13     | Killed a centaur warrior
 28182 | D:14     | Noticed an ogre mage
 28217 | D:14     | Noticed an ogre mage
 28220 | D:14     | Noticed a centaur warrior
 28222 | D:14     | Killed an ogre mage
 28225 | D:14     | Killed an ogre mage
 28226 | D:14     | Reached XP level 14. HP: 61/111 MP: 0/0
 28612 | D:14     | Reached skill level 14 in Fighting
 28616 | D:14     | Found the +12 glaive of Prune {vorpal}
 28886 | D:14     | Reached skill level 1 in Polearms
 29471 | D:13     | Noticed Nessos
 29476 | D:13     | Killed Azrael
 29489 | D:13     | Killed Nessos
 29824 | Lair:1   | Entered Level 1 of the Lair of Beasts
 29909 | Lair:1   | Noticed Gastronok
 29921 | Lair:1   | Killed Gastronok
 29954 | Lair:1   | Found a snail-covered altar of Cheibriados.
 30408 | Lair:1   | Found a dark tunnel.
 31035 | Lair:2   | Found a staircase to the Swamp.
 32589 | Lair:3   | Found a hole to the Spider Nest.
 34347 | Lair:4   | Reached **** piety under Makhleb
 35047 | Lair:4   | Reached XP level 15. HP: 64/118 MP: 0/0
 35047 | Lair:4   | Learned a level 6 spell: Invisibility
 35611 | Lair:4   | Reached skill level 5 in Polearms
 35725 | Lair:4   | Reached ***** piety under Makhleb
 38584 | Lair:6   | Entered Level 6 of the Lair of Beasts
 38842 | Lair:5   | Reached skill level 15 in Fighting
 39955 | Lair:6   | Found a runed translucent door.
 39957 | Lair:6   | Found a viscous altar of Jiyva.
 39958 | Lair:6   | Found a staircase to the Slime Pits.
 39958 | Lair:6   | Noticed an acid blob
 40445 | Lair:6   | Reached XP level 16. HP: 107/126 MP: 0/0
 40532 | Lair:6   | Found a burning altar of Makhleb.
 40618 | Lair:6   | HP: 1/126 [ice devil (34)]
 41347 | Lair:6   | Found a gateway to Hell.
 41667 | Orc:1    | Entered Level 1 of the Orcish Mines
 41884 | Orc:1    | Reached ****** piety under Makhleb
 42270 | Orc:2    | Entered Level 2 of the Orcish Mines
 42270 | Orc:2    | Found a staircase to the Elven Halls.
 42289 | Orc:2    | Noticed Urug
 42541 | Orc:2    | Killed Urug
 43119 | Orc:2    | Slain by a sixfirhy

Illustrated notes

Levels and vault maps discovered:
D:1:      lightli_arrival_flooded_house, layout_loops_ring,
          hellmonk_ecumenical_altar_heavens_door, serial_bayou_pond_d
D:2:      minmay_alternating_diamond, layout_loops_ring, uniq_jessica
D:3:      layout_basic
D:4:      layout_cave_pools, nicolae_overflow_hidden_temple,
          grunt_temple_overflow_open, lemuel_round_altar, serial_shops, shop,
          portal_sewer_entry_d, nicolae_ossuary_entry_catacombs,
          kennysheep_nondescript, uniq_ijyb
D:5:      layout_loops_corners, grunt_qazlal_sundering, okawaru_gym_becter,
          minmay_temple_entry_glassed_door, hangedman_abyss_or_decor_lesser_grid
D:6:      layout_gridville, kennysheep_little_box, zin_treasury
D:7:      minmay_opposing_rooms, layout_basic, uniq_crazy_yiuf_cottage
D:8:      layout_loops_cross, fedhas_ov_isle_minmay, serial_bayou_pond_a,
          st_stairs_10
D:9:      layout_long_grid
D:10:     layout_roguey, grunt_lair_entry_orc_guard_hut, serial_rivers,
          chequers_serial_rivers_small_b, chequers_serial_rivers_small_b,
          chequers_serial_rivers_small_3, chequers_serial_rivers_micro_d,
          chequers_serial_rivers_large_b, chequers_serial_rivers_marsh,
          uniq_psyche
D:11:     layout_stronghold, gauntlet_entry_generic,
          chequers_serial_rivers_micro_d
D:12:     layout_irregular_city, orc_0_dummy
D:13:     layout_gridville, erik_vaults_2, nicolae_uskayaw_dance_hall,
          uniq_azrael, uniq_nessos
D:14:     layout_basic, minivault_23, minmay_guarded_unrand_prune
Temple:   dshaligram_water_room_temple
Lair:1:   layout_roguey, basic_altar, nicolae_volcano_entry_two_sided,
          patterned_corridor, uniq_gastronok
Lair:2:   layout_hall_layers, minmay_swamp_entry_worms, minivault_24,
          fungi_pond_lemuel
Lair:3:   layout_small_grid, nicolae_spider_entry_non_spiders
Lair:4:   layout_layer_cave, special_room [special_room_mythical_zoo]
Lair:5:   layout_cave_pods
Lair:6:   evil_forest, layout_misc_corridors, slime_altar_2, fungi_pond_lemuel,
          serial_bayou_shore_b, infiniplex_staircase_pool
Orc:1:    layout_diamond_mine
Orc:2:    grunt_orc_cross, layout_caves

Skill      XL: |  1  2  3  4  5  6  7  8  9 10 11 12 13 14 15 16 |
---------------+-------------------------------------------------+-----
Spellcasting   | 3 4 5 6 8 9 |  9.1
Stealth        | 2 3 |  3.1
Fighting       | 1 3 6 8 10 12 13 14 15 | 15.0
Dodging        | 3 4 5 7 8 10 11 12 | 12.0
Short Blades   | 1 3 |  3.2
Armour         | 2 5 7 9 10 | 10.2
Evocations     | 6 8 |  8.5
Polearms       | 4 8 |  8.8

Action                   |  1- 3 |  4- 6 |  7- 9 | 10-12 | 13-15 | 16-18 || total
-------------------------+-------+-------+-------+-------+-------+-------++-------
Melee: Spear             |     7 |       |       |       |       |       ||     7
       Short sword       |     2 |    27 |    88 |       |       |       ||   117
       Falchion          |       |       |    28 |       |       |       ||    28
       Dagger            |       |       |     2 |   172 |       |       ||   174
       Unarmed           |       |       |       |     6 |       |       ||     6
       Rapier            |       |       |       |    38 |    78 |       ||   116
       Glaive            |       |       |       |       |   274 |    69 ||   343
 Cast: Foxfire           |    67 |    97 |   158 |   137 |   142 |    58 ||   659
       Inner Flame       |       |     5 |    10 |    48 |    33 |     6 ||   102
       Sticky Flame      |       |     4 |    55 |    54 |   101 |    23 ||   237
       Fireball          |       |       |     3 |    27 |    39 |    24 ||    93
       Alistair's Intoxi |       |       |       |     6 |     1 |     3 ||    10
       Vampiric Draining |       |       |       |     1 |    10 |       ||    11
       Shock             |       |       |       |       |     4 |     3 ||     7
       Invisibility      |       |       |       |       |     4 |     3 ||     7
       Spider Form       |       |       |       |       |       |     2 ||     2
 Abil: End Transformatio |       |       |       |       |       |     2 ||     2
Evoke: Wand              |       |       |     5 |     5 |    16 |     3 ||    29
  Use: Potion            |       |     4 |     4 |     6 |     5 |       ||    19
       Scroll            |       |     7 |     5 |    10 |    14 |     5 ||    41
 Stab: Sleeping          |       |     1 |     2 |     1 |     3 |       ||     7
       Distracted        |       |       |     1 |       |     1 |       ||     2
       Paralysed         |       |       |       |       |     6 |       ||     6
       Invisible         |       |       |       |       |     1 |     1 ||     2
       Confused          |       |       |       |       |       |     1 ||     1
Armor: Robe              |     1 |    29 |    26 |       |       |       ||    56
       Leather armour    |       |       |     8 |       |       |       ||     8
       Ring mail         |       |       |    14 |   176 |   277 |    58 ||   525
       Skin              |       |       |       |     6 |       |       ||     6
Dodge: Dodged            |    11 |    62 |   122 |   265 |   548 |   124 ||  1132
       Rpst.: Falchion   |       |       |    11 |       |       |       ||    11

Table legend: (Time is in decaauts)
 A = Elapsed time spent in this place.
 B = Non-inter-level travel time spent in this place.
 C = Inter-level travel time spent in this place.
 D = Time resting spent in this place.
 E = Time spent auto-exploring this place.
 F = Levels seen in this place.
 G = Mean time per level.
                   A        B        C        D        E       F      G
               +--------+--------+--------+--------+--------+-----+--------+
         Total |  43296 |  41895 |   1401 |  10804 |  26257 |  24 | 1804.0 |
       Dungeon |  28161 |  27078 |   1083 |   7523 |  16666 |  14 | 2011.5 |
        Temple |    138 |    118 |     20 |      0 |     66 |   1 |  138.0 |
          Lair |  11949 |  11667 |    282 |   2550 |   7702 |   6 | 1991.5 |
  Orcish Mines |   1465 |   1451 |     14 |    178 |    996 |   2 |  732.5 |
       Ossuary |   1581 |   1581 |      0 |    553 |    827 |   1 | 1581.0 |
               +--------+--------+--------+--------+--------+-----+--------+

Top non-repeatable levels by time:
     D:4: 2895 daAuts
    D:10: 2802 daAuts
    D:13: 2643 daAuts
  Lair:6: 2526 daAuts
    D:11: 2442 daAuts
    D:12: 2313 daAuts
  Lair:4: 2266 daAuts
     D:3: 2261 daAuts
     D:7: 2242 daAuts
  Lair:5: 2242 daAuts
     D:2: 2133 daAuts
     D:5: 2128 daAuts
  Lair:3: 2075 daAuts
     D:9: 1654 daAuts
 Ossuary: 1581 daAuts
